 Dungeon Crawl Stone Soup version 0.20.1-1-g8b1a95d66d (webtiles) character file.

261 Pixllover the Cudgeler (level 5, -2/48 HPs)
             Began as a Minotaur Berserker on Dec 6, 2017.
             Was a Believer of Trog.
             Killed from afar by Sigmund (3 damage)
             ... with a magic dart
             ... on level 4 of the Dungeon.
             The game lasted 00:10:38 (3207 turns).

Pixllover the Cudgeler (Minotaur Berserker)         Turns: 3207, Time: 00:10:39

Health: -2/48      AC:  8    Str: 26    XL:     5   Next: 96%
Magic:  4/4        EV:  6    Int:  5    God:    Trog [**....]
Gold:   110        SH:  8    Dex: 10    Spells: 4/4 levels left

rFire    . . .     SeeInvis .   a - +1 mace
rCold    . . .     Gourm    .   o - +0 shield
rNeg     . . .     Faith    .   q - +0 chain mail
rPois    .         Spirit   .   (helmet restricted)
rElec    .         Reflect  .   (no cloak)
rCorr    .         Harm     .   (no gloves)
MR       .....                  (no boots)
Stlth    ..........             (no amulet)
Regen    0.2/turn               (no ring)
MPRegen  0.1/turn               (no ring)

@: mighty, berserk cooldown, slowed, heavily drained, very slow
A: retaliatory headbutt, horns 2
a: Berserk, Trog's Hand, Burn Spellbooks, Renounce Religion


You were on level 4 of the Dungeon.
You worshipped Trog.
Trog was pleased with you.
You were hungry.

You visited 1 branch of the dungeon, and saw 4 of its levels.

You collected 110 gold pieces.

Inventory:

Hand Weapons
 a - a +1 mace (weapon)
Armour
 b - a +0 animal skin
 o - a +0 shield (worn)
 p - a +0 scale mail
 q - a +0 chain mail (worn)
Jewellery
 i - an uncursed amulet of harm {unknown}
Scrolls
 e - a scroll of remove curse
 k - 2 scrolls of teleportation
 n - 4 scrolls of identify
Potions
 d - 2 potions of might
 f - a potion of brilliance {unknown}
 g - a potion of lignification
Comestibles
 c - 2 bread rations
 j - 2 royal jellies
 m - a meat ration


   Skills:
 + Level 5.1(3.9) Fighting
 + Level 5.6(4.4) Maces & Flails
 + Level 2.8(1.7) Armour
 + Level 3.7(2.5) Dodging
 + Level 1.3(0.2) Stealth
 + Level 0.2(0.0) Shields


You had 4 spell levels left.
You didn't know any spells.

Dungeon Overview and Level Annotations

Branches:
Dungeon (4/15)
 Temple: D:4-7

Altars:

Annotations:
D:4 Sigmund


Innate Abilities, Weirdness & Mutations

You reflexively headbutt those who attack you in melee.
You have a pair of horns on your head.


Message History

Sigmund flickers and vanishes!
Deactivating autopickup; reactivate with Ctrl-A.
Something hits you but does no damage.
You closely miss something. Your headbutt misses something. Something hits you.
* * * LOW HITPOINT WARNING * * *
You block something's attack.
Your shield and chain mail prevent you from hitting something.
Something hits you but does no damage.
You completely miss something. You headbutt something.
You block something's attack.
You're still recovering from your berserk rage.
You closely miss something.
You hear some strange, mumbled words.
A puff of flame appears from out of thin air!
The puff of flame hits you!
* * * LOW HITPOINT WARNING * * *
You hear some strange, mumbled words.
A magic dart appears from out of thin air!
The magic dart hits you!
You die...

#.# #... # #.# #..# #.
#.# #..# ##.# ####.#
#..# ....##....###..#
...........#..####.#
#......>.........#
....#.#)##.#.#####. .
#)...))..){@.#.#
#<###>.#.###†#.#
#..#####.#.###.#.####.
....#
#.................
####.
#..........#.##### #
#.................
#............#####
.#............#
..(o..o..).†?##


There were no monsters in sight!

Vanquished Creatures
  The ghost of tensugalgo the Poker, an amateur MfGl (D:3)
  An orc priest (D:3)
  A worker ant (D:4)
  An orc wizard (D:4)
  3 adders (D:3)
  An adder zombie (D:4)
  2 leopard geckos
  12 orcs
  6 giant cockroaches
  2 goblins
  5 hobgoblins
  3 jackals (D:3)
  7 kobolds
  2 quokkas (D:3)
  5 bats (D:3)
  A frilled lizard (D:3)
  5 rats
58 creatures vanquished.

Notes
Turn   | Place    | Note
-------+----------+-------------------------------------------
     0 | D:1      | Pixllover the Minotaur Berserker began the quest for the Orb.
     0 | D:1      | Reached XP level 1. HP: 19/19 MP: 0/0
   151 | D:1      | Reached XP level 2. HP: 9/27 MP: 1/1
   911 | D:2      | You fall through a shaft!
  2304 | D:3      | Reached XP level 3. HP: 24/33 MP: 2/2
  2679 | D:3      | Reached ** piety under Trog
  2746 | D:3      | Reached XP level 4. HP: 37/40 MP: 3/3
  3018 | D:3      | Noticed tensugalgo's ghost (amateur MfGl)
  3041 | D:3      | Killed tensugalgo's ghost
  3041 | D:3      | Reached skill level 5 in Fighting
  3041 | D:3      | Reached skill level 5 in Maces & Flails
  3041 | D:3      | Reached skill level 1 in Stealth
  3041 | D:3      | Reached XP level 5. HP: 48/48 MP: 4/4
  3159 | D:4      | Noticed Sigmund
  3207 | D:4      | HP: 1/48 [something/puff of flame (4)]
  3207 | D:4      | Killed from afar by Sigmund

Skill      XL: |  1  2  3  4 |
---------------+-------------+-----
Fighting       | 4 5 |  5.1
Maces & Flails | 4 5 |  5.6
Dodging        | 3 |  3.7
Stealth        | 1 |  1.3
Armour         | |  2.8
Shields        | |  0.2

Action                   |  1- 3 |  4- 6 || total
-------------------------+-------+-------++-------
Melee: Mace              |    91 |    62 ||   153
       Headbutt          |     6 |     9 ||    15
Invok: Berserk           |       |     1 ||     1
  Use: Scroll            |     5 |       ||     5
       Potion            |       |     4 ||     4
  Eat: Bread ration      |     1 |       ||     1
       Chunk             |     1 |     2 ||     3
Armor: Animal skin       |    21 |     2 ||    23
       Chain mail        |       |    23 ||    23
       Skin              |       |     9 ||     9
Dodge: Dodged            |    73 |    22 ||    95
Block: Shield            |       |    26 ||    26
